 Dungeon Crawl Stone Soup version 0.22.1-6-g1668fe2c40 (webtiles) character file.

29 Descartes the Sneak (level 3, 0/17 HPs)
             Began as a Vine Stalker Wanderer on Jan 23, 2019.
             Slain by a gnoll
             ... wielding a +0 spear
              (4 damage)
             ... on level 2 of the Dungeon.
             The game lasted 00:03:21 (1021 turns).

Descartes the Sneak (Vine Stalker Wanderer)         Turns: 1021, Time: 00:03:22

Health: 0/17       AC: 10    Str: 14    XL:     3   Next: 16%
Magic:  0/4        EV:  4    Int: 12    God:
Gold:   42         SH:  0    Dex: 14    Spells: 2/2 levels left

rFire    . . .     SeeInvis .   a - +0 dagger
rCold    . . .     Gourm    .   (no shield)
rNeg     . . .     Faith    .   m - +0 plate armour
rPois    .         Spirit   +   (no helmet)
rElec    .         Reflect  .   (no cloak)
rCorr    .         Harm     .   (no gloves)
MR       .....                  (no boots)
Stlth    ..........             (no amulet)
HPRegen  0.05/turn              (no ring)
MPRegen  0.09/turn              (no ring)

@: no status effects
A: fangs 2, magic shield, antimagic bite, no potion heal 3, rot immunity
a: no special abilities


You were on level 2 of the Dungeon.
You were not hungry.

You visited 1 branch of the dungeon, and saw 2 of its levels.

You collected 42 gold pieces.

Inventory:

Hand Weapons
 a - a +0 dagger (weapon)
 b - a +0 hand crossbow
 g - a +0 spear
Missiles
 c - 33 bolts
 h - 54 stones (quivered)
Armour
 e - a +2 scale mail
 m - a +0 plate armour (worn)
Jewellery
 q - an uncursed ring of protection from fire {unknown}
Scrolls
 d - a scroll of teleportation
 j - a scroll of identify {unknown}
 l - 3 scrolls of fear {unknown}
 n - a scroll of remove curse {unknown}
 r - a scroll of amnesia {unknown}
Potions
 i - 2 potions of brilliance {unknown}
 k - a potion of curing {unknown}
 o - a potion of haste {unknown}
 p - a potion of lignification {unknown}
Comestibles
 f - 2 rations


   Skills:
 + Level 0.5 Fighting
 + Level 1.3 Short Blades
 - Level 0.1 Polearms
 - Level 2.6 Crossbows
 + Level 1.8 Armour
 + Level 1.8 Dodging
 + Level 2.8 Stealth
 + Level 1.0 Unarmed Combat


You had 2 spell levels left.
You didn't know any spells.
Your spell library was empty.

Dungeon Overview and Level Annotations

Branches:
Dungeon (2/15)

Altars:


Innate Abilities, Weirdness & Mutations

You have extremely sharp teeth.
When hurt, damage is shared between your health and your magic reserves.
Your bite disrupts and absorbs the magic of your enemies.
Potions cannot restore your health.
You are immune to rotting.


Message History

The gnoll hits you from afar with a spear.
The gnoll hits you with a flail.
Your plate armour prevents you from hitting the gnoll.
You bite the gnoll. You drain its power.
You feel invigorated.
The gnoll is moderately wounded.
The gnoll barely misses you.
Your plate armour prevents you from hitting the gnoll.
Your bite misses the gnoll.
The gnoll is moderately wounded.
The gnoll hits you but does no damage. The gnoll completely misses you.
You barely miss the gnoll.
The gnoll is moderately wounded.
The gnoll hits you with a flail.
* * * LOW HITPOINT WARNING * * *
The gnoll hits you from afar with a spear.
* * * LOW HITPOINT WARNING * * *
You hit the gnoll.
The gnoll is moderately wounded.
The gnoll hits you from afar with a spear.
You die...

#.....#..(.#
#.....#....##
#.....'(.....
#.....#
#..###.....#
.......gS..#
..####g####
#g# #@#
#.############
#.............
#.###.########
#.# #.#######
#.###.#......
#............
#.###.#.#####
#.##..#.#


You could see 3 gnolls and an adder.

Vanquished Creatures
  A gnoll (D:2)
  An ooze (D:1)
  A giant cockroach (D:1)
  3 goblins (D:1)
  A hobgoblin (D:1)
  2 jackals (D:1)
  2 kobolds
  A bat (D:1)
  3 rats (D:1)
15 creatures vanquished.

Notes
Turn   | Place    | Note
-------+----------+-------------------------------------------
     0 | D:1      | Descartes the Vine Stalker Wanderer began the quest for the
                  | Orb.
     0 | D:1      | Descartes set off with: a +2 scale mail, a +0 hand
                  | crossbow, 23 bolts, a scroll of teleportation, a +0 dagger,
                  | a ration
     0 | D:1      | Reached XP level 1. HP: 9/9 MP: 2/2
   418 | D:1      | Reached XP level 2. HP: 13/13 MP: 3/3
  1008 | D:2      | Reached skill level 1 in Unarmed Combat
  1008 | D:2      | Reached XP level 3. HP: 17/17 MP: 4/4
  1021 | D:2      | Slain by a gnoll

Skill      XL: |  1  2 |
---------------+-------+-----
Unarmed Combat | 1 |  1.0
Fighting       | |  0.5
Short Blades   | |  1.3
Polearms       | |  0.1
Crossbows      | |  2.6
Armour         | |  1.8
Dodging        | |  1.8
Stealth        | |  2.8

Action                   || total
-------------------------++-------
Melee: Dagger            ||    48
       Bite              ||     8
 Fire: Hand crossbow     ||    23
Armor: Scale mail        ||    14
       Plate armour      ||     6
Dodge: Dodged            ||    24
